 Dungeon Crawl Stone Soup version 0.28.0-62-gf88900778d (webtiles) character file.

Game seed: 14415983575078841164

1656 cbfl8 the Chopper (level 8, -1/65 HPs)
             Began as a Demonspawn Fighter on Jan 16, 2024.
             Was an Initiate of Trog.
             Succumbed to a water moccasin's poison
             ... on level 5 of the Dungeon.
             The game lasted 00:06:11 (7365 turns).

cbfl8 the Chopper (Demonspawn Fighter)              Turns: 7365, Time: 00:06:11

Health: -1/65      AC: 10    Str: 17    XL:     8   Next: 68%
Magic:  8/8        EV:  9    Int:  9    God:    Trog [......]
Gold:   61         SH:  5    Dex: 15    Spells: 7/7 levels left

rFire   + . .      SeeInvis .   n - +0 broad axe
rCold   . . .      Faith    .   c - +0 buckler
rNeg    . . .      Spirit   .   b - +0 scale mail
rPois   .          Reflect  .   (helmet restricted)
rElec   .          Harm     .   g - scarf {shadows}
rCorr   .          Rampage  .   l - +0 pair of gloves
Will    .....                   (no boots)
Stlth   ..........              (no amulet)
HPRegen 0.20/turn               i - ring of protection from fire
MPRegen 0.11/turn               (no ring)

@: lethally poisoned (-1 -> -12)
A: antennae 2, rugged brown scales 2
a: Renounce Religion


You were on level 5 of the Dungeon.
You worshipped Trog.
Trog was noncommittal.
You visited 2 branches of the dungeon, and saw 6 of its levels.

You collected 141 gold pieces.
You spent 80 gold pieces at shops.

Inventory:

Hand Weapons
 n - a +0 broad axe (weapon)
Armour
 b - a +0 scale mail (worn)
 c - a +0 buckler (worn)
 g - a scarf of shadows (worn)
 l - a +0 pair of gloves (worn)
Jewellery
 i - a ring of protection from fire (left hand)
Scrolls
 d - a scroll of enchant armour
 h - 2 scrolls of identify
 j - 4 scrolls of teleportation
Potions
 e - a potion of haste


   Skills:
 + Level 5.0 Fighting
 + Level 6.3 Axes
 + Level 5.2 Armour
 + Level 4.0 Shields
 * Level 4.8 Evocations


You had 7 spell levels left.
You didn't know any spells.
Your spell library contained the following spells:

 Spells                   Type           Power      Damage    Failure   Level
 Portal Projectile        Hex/Tloc       0%         N/A       99%         3
 Blade Hands              Tmut           0%         N/A       100%        5
 Excruciating Wounds      Necr           0%         N/A       100%        5


Dungeon Overview and Level Annotations

Branches:
Dungeon (5/15)             Temple (1/1) D:5

Altars:
Ashenzari
Dithmenos
Elyvilon
Fedhas
Gozag
Kikubaaqudgha
Nemelex Xobeh
Okawaru
Ru
Sif Muna
Trog
Uskayaw
Vehumet
Xom
Yredelemnul

Shops:
D:3 ?


Innate Abilities, Weirdness & Mutations

You have a pair of antennae on your head.
You are mostly covered in rugged brown scales. (AC +2, +5% HP)


Message History

You feel sick. You block the water moccasin's attack.
The water moccasin barely misses you.
You hit the water moccasin.
The water moccasin is moderately wounded.
You feel sick.
You are no longer poisoned.
The water moccasin bites you but does no damage.
You closely miss the water moccasin.
The water moccasin is moderately wounded.
The water moccasin bites you.
The water moccasin bites you but does no damage.
You are too injured to fight recklessly!
You barely miss the water moccasin.
The water moccasin is moderately wounded.
The water moccasin bites you.
You are poisoned.
The water moccasin poisons you! The water moccasin bites you.
You barely miss the water moccasin.
The water moccasin is moderately wounded.
You feel very sick. The water moccasin bites you.
* * * LOW HITPOINT WARNING * * *
You are lethally poisoned!
The water moccasin poisons you! The water moccasin bites you.
* * * LOW HITPOINT WARNING * * *
Okay, then.
You feel very mighty all of a sudden.
* * * LOW HITPOINT WARNING * * *
You feel very sick.
The water moccasin bites you but does no damage.
You block the water moccasin's attack.
Okay, then.
* * * LOW HITPOINT WARNING * * *
You feel very sick.
* * * LOW HITPOINT WARNING * * *
You feel very sick.
Your magical effects are unravelling.
You feel magically purged.
You feel a little less mighty now.
You die...

## ##.. #.#####..#
.......##.#......#
.####......).....##
## ####..........##
. ..............# ..
...............#
...................#
................#
.............@.[#
......S.##
.........#
.........#
......<..#
...........
...........#
........#..#
#.....[.#!..


You could see a water moccasin.

Vanquished Creatures
  An unseen horror (D:5)
  Grinder (D:3)
  Menkaure (D:4)
  A water moccasin (D:5)
  A necrophage (D:5)
  An ogre (D:3)
  A centaur (D:5)
  A phantom (D:5)
  A scorpion (D:5)
  A centaur zombie (D:5)
  A hound (D:5)
  A gnoll shaman (D:3)
  2 jellies
  Jessica (D:3)
  An iguana (D:5)
  Natasha (thrice) (D:2)
  4 orc wizards
  7 gnolls
  3 adders
  An ufetubus (D:5)
  An adder skeleton (D:4)
  A worm (D:4)
  4 dart slugs
  6 orcs
  7 endoplasms
  2 giant cockroaches
  8 goblins
  5 hobgoblins
  6 jackals
  7 kobolds
  3 quokkas
  5 ball pythons
  2 bats (D:3)
  2 frilled lizards
  2 rats
95 creatures vanquished.

Notes
Turn   | Place    | Note
-------+----------+-------------------------------------------
     0 | D:1      | cbfl8 the Demonspawn Fighter began the quest for the Orb.
     0 | D:1      | Reached XP level 1. HP: 18/18 MP: 1/1
   189 | D:1      | Gained mutation: You are partially covered in rugged brown
                  | scales. (AC +1, +3% HP) [demonic ancestry]
   189 | D:1      | Reached XP level 2. HP: 18/24 MP: 2/2
   328 | D:1      | You fall into a shaft and drop 1 floor!
   328 | D:2      | Noticed Natasha
   333 | D:2      | Killed Natasha
   334 | D:2      | Reached skill level 2 in Axes
   334 | D:2      | Reached skill level 1 in Evocations
   334 | D:2      | Gained mutation: You are mostly covered in rugged brown
                  | scales. (AC +2, +5% HP) [demonic ancestry]
   334 | D:2      | Reached XP level 3. HP: 17/30 MP: 3/3
   746 | D:2      | Found an opulent altar of Gozag.
   798 | D:2      | Noticed Natasha
   810 | D:2      | Killed Natasha
   811 | D:2      | Reached XP level 4. HP: 10/36 MP: 4/4
  1164 | D:2      | Noticed Natasha
  1170 | D:2      | Killed Natasha
  1753 | D:3      | Found Caat's Magic Scroll Shoppe.
  1760 | D:3      | Bought a scroll of teleportation for 30 gold pieces
  1760 | D:3      | Bought a scroll of identify for 20 gold pieces
  1795 | D:3      | Noticed Grinder
  1799 | D:3      | Paralysed by Grinder for 2 turns
  1817 | D:3      | Killed Grinder
  1818 | D:3      | Reached skill level 3 in Axes
  1818 | D:3      | Gained mutation: You have a pair of small antennae on your
                  | head. [demonic ancestry]
  1818 | D:3      | Reached XP level 5. HP: 5/44 MP: 5/5
  1818 | D:3      | Reached XP level 6. HP: 6/50 MP: 6/6
  2397 | D:3      | Reached skill level 4 in Axes
  2523 | D:3      | Noticed Jessica
  2531 | D:3      | Killed Jessica
  3288 | D:3      | Bought a scroll of teleportation for 30 gold pieces
  3330 | D:4      | Noticed Menkaure
  3338 | D:3      | Gained mutation: You have a pair of antennae on your head.
                  | [demonic ancestry]
  3338 | D:3      | Reached XP level 7. HP: 14/56 MP: 7/7
  5409 | D:4      | Killed Menkaure
  5410 | D:4      | Reached skill level 5 in Axes
  5672 | D:5      | Entered Level 5 of the Dungeon
  5933 | D:5      | Found an iron altar of Okawaru.
  6074 | D:5      | Found a staircase to the Ecumenical Temple.
  6100 | D:5      | Reached XP level 8. HP: 52/64 MP: 8/8
  6108 | Temple   | Entered the Ecumenical Temple
  6260 | Temple   | Became a worshipper of Trog the Wrathful
  6310 | D:5      | Killed an unseen horror
  6543 | D:5      | Reached skill level 5 in Armour
  6553 | D:5      | Reached skill level 6 in Axes
  6554 | D:5      | Reached skill level 5 in Fighting
  7364 | D:5      | HP: 2/65 [poisoned by a water moccasin]
  7365 | D:5      | Succumbed to a water moccasin's poison

Illustrated notes

Levels and vault maps discovered:
D:1:      mrwooster_arrival_statue, layout_rooms
D:2:      minmay_skewed_foursquare, layout_rooms, basic_altar, uniq_natasha
D:3:      layout_loops_corners, serial_shops, shop, hangedman_decor_growths,
          minmay_bisected, uniq_grinder, uniq_jessica
D:4:      layout_rooms, uniq_menkaure
D:5:      layout_rooms, nicolae_overflow_crystal_walls, temple_doors_e,
          uniq_crazy_yiuf_cottage
Temple:   eino_temple_scatter_basement

Skill      XL: |  1  2  3  4  5  6  7  8 |
---------------+-------------------------+-----
Axes           | 2 3 4 5 6 |  6.3
Armour         | 3 4 5 |  5.2
Shields        | 3 4 |  4.0
Evocations     | 1 2 3 4 |  4.8
Fighting       | 4 5 |  5.0

Action                   |  1- 3 |  4- 6 |  7- 9 || total
-------------------------+-------+-------+-------++-------
Melee: War axe           |    49 |   135 |   107 ||   291
       Broad axe         |       |       |    77 ||    77
  Use: Scroll            |       |     4 |     4 ||     8
       Potion            |       |     1 |     5 ||     6
Armor: Scale mail        |    23 |    62 |   146 ||   231
Dodge: Dodged            |    20 |    61 |   120 ||   201
Block: Buckler           |     8 |    37 |    51 ||    96
